[ PARTIDA AOE2 · #506775952 ]
UnrankedBohemios vs Persians
Equipo del jugador · VICT
Equipo rival · DERR
[ ANÁLISIS DE REPETICIÓN · EXTRAÍDO DE LA PARTIDA GRABADA ]
Feudal
12:04
Castillos
22:47
Imperial
—
| APM promedio | 24.2 |
| APM pico | 46 |
| eAPM promedio | 14.9 |
| Aldeanos / militares | 57 / 22 |
Foco
⚔️ 26.3% · 🌾 73.7%
Militia ×16 · Petard ×6
Feudal
11:01
Castillos
26:39
Imperial
—
| APM promedio | 27.3 |
| APM pico | 69 |
| eAPM promedio | 19.1 |
| Aldeanos / militares | 58 / 12 |
Foco
⚔️ 22.0% · 🌾 78.0%
Archer ×6 · Petard ×6
Mapa de la partida
Recursos iniciales + cada clic de construcción. Líneas = muros · curvas = relieve. ◆ oro · ⬟ piedra · ● bayas · ✦ reliquia · ◌ hueco del cierre
Tu base· ✓ Cerrada en 22:47 · 39t muro · 2 puerta(s)
Base de JAGR | Javi· ✓ Cerrada en 26:39 · 45t muro · sin puerta
Terreno inicial suavizado · ◌ = hueco del cierre detectado · pasá el cursor para detalles
Inputs por minuto
— Banana Latte - - JAGR | Javi
Build order — Banana Latte
Primeras 150 de 161 acciones detectadas
| 0:01 | Encolar | Villager (Male) ×4 |
| 0:04 | Construir | House |
| 0:06 | Construir | House |
| 1:31 | Encolar | Villager (Male) |
| 2:09 | Encolar | Villager (Male) |
| 2:22 | Encolar | Villager (Male) |
| 2:52 | Encolar | Villager (Male) |
| 3:12 | Encolar | Villager (Male) |
| 3:16 | Construir | Barracks |
| 3:22 | Construir | House |
| 3:44 | Investigar | Loom |
| 4:18 | Encolar | Villager (Male) |
| 4:20 | Encolar | Villager (Male) |
| 4:21 | Encolar | Militia |
| 4:22 | Encolar | Militia |
| 4:56 | Encolar | Villager (Male) |
| 5:05 | Encolar | Villager (Male) |
| 5:14 | Construir | House |
| 5:16 | Encolar | Villager (Male) |
| 5:59 | Encolar | Villager (Male) |
| 6:00 | Encolar | Villager (Male) |
| 6:00 | Encolar | Villager (Male) |
| 6:04 | Encolar | Militia |
| 6:44 | Encolar | Militia |
| 7:03 | Encolar | Villager (Male) |
| 7:23 | Construir | House |
| 7:33 | Encolar | Villager (Male) |
| 8:09 | Encolar | Villager (Male) |
| 8:18 | Construir | Mill |
| 8:26 | Encolar | Villager (Male) |
| 8:47 | Encolar | Villager (Male) |
| 8:49 | Construir | House |
| 9:18 | Encolar | Villager (Male) |
| 9:54 | Investigar | Feudal Age |
| 10:07 | Construir | Lumber Camp |
| 12:04 | Edad | Edad Feudal |
| 12:05 | Encolar | Villager (Male) |
| 12:07 | Investigar | Man-at-Arms (upgrade) |
| 12:08 | Investigar | Arson |
| 12:12 | Construir | Blacksmith |
| 12:14 | Construir | House |
| 12:25 | Encolar | Villager (Male) |
| 12:27 | Investigar | Horse Collar |
| 12:29 | Investigar | Double-Bit Axe |
| 12:33 | Construir | Farm |
| 12:42 | Encolar | Villager (Male) |
| 13:03 | Encolar | Villager (Male) |
| 13:06 | Construir | Farm |
| 13:06 | Construir | Farm |
| 13:08 | Investigar | Scale Mail Armor |
| 13:28 | Encolar | Villager (Male) |
| 13:39 | Construir | Palisade Wall |
| 14:03 | Construir | Stone Wall |
| 14:06 | Construir | Gate |
| 14:10 | Encolar | Villager (Male) |
| 14:13 | Construir | Farm |
| 14:13 | Construir | Farm |
| 14:25 | Encolar | Villager (Male) |
| 14:34 | Construir | Mill |
| 14:38 | Encolar | Villager (Male) |
| 14:39 | Construir | Farm |
| 14:47 | Construir | Mining Camp |
| 15:04 | Encolar | Villager (Male) |
| 15:30 | Encolar | Villager (Male) |
| 15:34 | Construir | Farm |
| 15:34 | Construir | Farm |
| 15:35 | Construir | Farm |
| 15:35 | Construir | Farm |
| 15:35 | Construir | Farm |
| 15:35 | Construir | Farm |
| 15:48 | Encolar | Militia |
| 15:50 | Encolar | Militia |
| 16:11 | Construir | Watch Tower |
| 16:14 | Encolar | Villager (Male) |
| 16:17 | Encolar | Militia |
| 16:20 | Construir | House |
| 16:21 | Construir | House |
| 16:23 | Construir | House |
| 16:25 | Construir | House |
| 16:26 | Construir | House |
| 16:29 | Construir | House |
| 16:31 | Encolar | Villager (Male) |
| 16:55 | Construir | Farm |
| 16:58 | Encolar | Villager (Male) |
| 17:11 | Encolar | Militia |
| 17:11 | Encolar | Militia |
| 17:14 | Construir | Farm |
| 17:16 | Investigar | Scale Mail Armor |
| 17:28 | Encolar | Villager (Male) |
| 17:38 | Construir | Farm |
| 17:47 | Encolar | Villager (Male) |
| 17:58 | Construir | Market |
| 18:13 | Encolar | Villager (Male) |
| 18:52 | Encolar | Villager (Male) |
| 18:52 | Encolar | Villager (Male) |
| 18:53 | Construir | Farm |
| 18:56 | Encolar | Militia |
| 18:56 | Encolar | Militia |
| 19:17 | Construir | Farm |
| 19:34 | Encolar | Villager (Male) |
| 19:36 | Construir | Farm |
| 19:38 | Construir | Farm |
| 19:58 | Construir | Farm |
| 19:58 | Investigar | Castle Age |
| 20:17 | Construir | Stone Wall |
| 20:27 | Construir | Farm |
| 20:37 | Construir | Mining Camp |
| 20:42 | Investigar | Forging |
| 20:59 | Construir | Gate |
| 21:02 | Construir | Stone Wall |
| 21:13 | Construir | Stone Wall |
| 21:17 | Construir | Stone Wall |
| 21:22 | Encolar | Militia |
| 21:22 | Encolar | Militia |
| 21:22 | Encolar | Militia |
| 21:23 | Encolar | Militia |
| 21:38 | Encolar | Villager (Male) |
| 21:42 | Investigar | Fletching |
| 22:19 | Construir | Lumber Camp |
| 22:47 | Edad | Edad de los Castillos |
| 22:56 | Investigar | Bow Saw |
| 22:58 | Investigar | Long Swordsman (upgrade) |
| 22:59 | Investigar | Squires |
| 23:00 | Encolar | Villager (Male) |
| 23:02 | Investigar | Chain Mail Armor |
| 23:16 | Construir | Farm |
| 23:41 | Encolar | Villager (Male) |
| 23:42 | Construir | Farm |
| 23:52 | Encolar | Villager (Male) |
| 24:05 | Encolar | Militia |
| 24:17 | Encolar | Villager (Male) |
| 24:20 | Construir | Farm |
| 24:31 | Encolar | Villager (Male) |
| 24:47 | Construir | Farm |
| 24:49 | Investigar | Iron Casting |
| 25:11 | Encolar | Villager (Male) |
| 25:23 | Encolar | Villager (Male) |
| 25:47 | Construir | Mill |
| 25:52 | Encolar | Villager (Male) |
| 26:06 | Investigar | Bodkin Arrow |
| 26:22 | Construir | House |
| 26:24 | Encolar | Villager (Male) |
| 26:50 | Construir | Castle |
| 26:57 | Construir | Castle |
| 27:04 | Construir | Castle |
| 27:27 | Encolar | Villager (Male) |
| 27:27 | Encolar | Villager (Male) |
| 27:28 | Construir | Farm |
| 28:00 | Encolar | Villager (Male) |
| 28:18 | Encolar | Petard |
Build order — JAGR | Javi
141 acciones detectadas en el replay
| 0:01 | Encolar | Villager (Male) |
| 0:01 | Encolar | Villager (Male) |
| 0:02 | Encolar | Villager (Male) |
| 0:02 | Encolar | Villager (Male) |
| 0:02 | Encolar | Villager (Male) |
| 0:06 | Investigar | Loom |
| 0:06 | Encolar | Villager (Male) |
| 0:07 | Encolar | Villager (Male) |
| 0:08 | Construir | House |
| 0:16 | Construir | Palisade Wall |
| 0:30 | Encolar | Villager (Male) |
| 0:30 | Encolar | Villager (Male) |
| 0:47 | Construir | Palisade Wall |
| 1:45 | Construir | Lumber Camp |
| 2:16 | Encolar | Villager (Male) |
| 2:16 | Encolar | Villager (Male) |
| 2:33 | Construir | House |
| 2:59 | Encolar | Villager (Male) |
| 3:00 | Encolar | Villager (Male) |
| 3:11 | Encolar | Villager (Male) |
| 3:12 | Encolar | Villager (Male) |
| 3:44 | Encolar | Villager (Male) |
| 3:44 | Encolar | Villager (Male) |
| 4:00 | Encolar | Villager (Male) |
| 4:00 | Encolar | Villager (Male) |
| 4:19 | Construir | House |
| 4:37 | Encolar | Villager (Male) |
| 4:37 | Encolar | Villager (Male) |
| 4:43 | Construir | Mill |
| 4:57 | Encolar | Villager (Male) |
| 5:18 | Construir | House |
| 5:24 | Encolar | Villager (Male) |
| 5:24 | Encolar | Villager (Male) |
| 5:44 | Construir | House |
| 5:45 | Construir | House |
| 5:52 | Encolar | Villager (Male) |
| 5:52 | Encolar | Villager (Male) |
| 6:07 | Encolar | Villager (Male) |
| 6:07 | Encolar | Villager (Male) |
| 6:07 | Encolar | Villager (Male) |
| 7:01 | Encolar | Villager (Male) |
| 7:08 | Construir | Mining Camp |
| 7:10 | Encolar | Villager (Male) |
| 7:19 | Construir | House |
| 7:20 | Construir | House |
| 7:32 | Encolar | Villager (Male) |
| 7:32 | Encolar | Villager (Male) |
| 8:21 | Construir | Mining Camp |
| 8:57 | Investigar | Feudal Age |
| 8:57 | Investigar | Feudal Age |
| 9:09 | Construir | House |
| 9:12 | Construir | House |
| 10:24 | Encolar | Villager (Male) |
| 10:29 | Construir | House |
| 10:35 | Construir | House |
| 10:58 | Construir | Palisade Wall |
| 11:01 | Edad | Edad Feudal |
| 11:08 | Construir | Watch Tower |
| 12:09 | Construir | House |
| 12:18 | Encolar | Villager (Male) |
| 12:32 | Encolar | Villager (Male) |
| 12:41 | Construir | Watch Tower |
| 13:05 | Encolar | Villager (Male) |
| 13:06 | Encolar | Villager (Male) |
| 13:41 | Encolar | Villager (Male) |
| 13:54 | Encolar | Villager (Male) |
| 14:16 | Construir | Market |
| 14:18 | Encolar | Villager (Male) |
| 14:38 | Construir | Palisade Wall |
| 14:51 | Encolar | Villager (Male) |
| 15:02 | Construir | Blacksmith |
| 15:13 | Encolar | Villager (Male) |
| 15:43 | Encolar | Villager (Male) |
| 16:08 | Construir | Watch Tower |
| 16:16 | Construir | Farm |
| 16:19 | Construir | Farm |
| 16:21 | Encolar | Villager (Male) |
| 16:47 | Construir | Farm |
| 16:52 | Construir | Lumber Camp |
| 17:07 | Encolar | Villager (Male) |
| 17:33 | Construir | Stone Wall |
| 17:40 | Construir | Stone Wall |
| 17:42 | Encolar | Villager (Male) |
| 17:43 | Investigar | Wheelbarrow |
| 17:51 | Construir | Farm |
| 18:21 | Encolar | Villager (Male) |
| 18:23 | Construir | Farm |
| 18:30 | Construir | Farm |
| 18:39 | Encolar | Villager (Male) |
| 19:35 | Construir | Barracks |
| 19:39 | Construir | House |
| 20:01 | Construir | Farm |
| 20:10 | Construir | Farm |
| 20:26 | Construir | House |
| 20:38 | Encolar | Villager (Male) |
| 20:45 | Construir | House |
| 21:09 | Encolar | Villager (Male) |
| 21:25 | Construir | Farm |
| 21:26 | Construir | Farm |
| 21:31 | Investigar | Fletching |
| 21:35 | Encolar | Villager (Male) |
| 21:44 | Encolar | Villager (Male) |
| 21:47 | Investigar | Double-Bit Axe |
| 21:53 | Encolar | Villager (Male) |
| 21:56 | Construir | House |
| 21:57 | Construir | House |
| 21:59 | Construir | House |
| 22:17 | Encolar | Villager (Male) |
| 22:25 | Construir | Farm |
| 22:28 | Construir | Farm |
| 22:50 | Construir | Barracks |
| 22:56 | Construir | Archery Range |
| 23:00 | Encolar | Villager (Male) |
| 23:05 | Construir | Farm |
| 23:20 | Encolar | Villager (Male) |
| 23:29 | Construir | House |
| 23:30 | Construir | House |
| 23:32 | Construir | House |
| 23:49 | Encolar | Villager (Male) |
| 24:12 | Investigar | Castle Age |
| 24:12 | Investigar | Castle Age |
| 24:20 | Encolar | Archer |
| 24:20 | Encolar | Archer |
| 24:20 | Encolar | Archer |
| 24:42 | Encolar | Archer |
| 24:42 | Encolar | Archer |
| 24:44 | Construir | House |
| 25:17 | Construir | House |
| 25:20 | Construir | House |
| 25:22 | Construir | House |
| 25:46 | Encolar | Archer |
| 26:15 | Construir | House |
| 26:39 | Edad | Edad de los Castillos |
| 26:55 | Construir | Castle |
| 27:48 | Encolar | Petard |
| 27:48 | Encolar | Petard |
| 27:49 | Encolar | Petard |
| 27:49 | Encolar | Petard |
| 27:49 | Encolar | Petard |
| 27:49 | Encolar | Petard |
| 28:33 | Construir | Stable |
Cronología de la partida
| 0:16 | JAGR | Javi · wall_segment Palisade Wall x9 |
| 0:47 | JAGR | Javi · wall_segment Palisade Wall x9 |
| 3:16 | Banana Latte · first_building Barracks |
| 10:58 | JAGR | Javi · wall_segment Palisade Wall x1 |
| 11:01 | JAGR | Javi · age_up feudal |
| 12:04 | Banana Latte · age_up feudal |
| 13:39 | Banana Latte · wall_segment Palisade Wall x3 |
| 14:03 | Banana Latte · wall_segment Stone Wall x12 |
| 14:38 | JAGR | Javi · wall_segment Palisade Wall x1 |
| 16:25 | JAGR | Javi · first_market_buy 100 food |
| 17:33 | JAGR | Javi · wall_segment Stone Wall x15 |
| 17:40 | JAGR | Javi · wall_segment Stone Wall x10 |
| 19:35 | JAGR | Javi · first_building Barracks |
| 20:17 | Banana Latte · wall_segment Stone Wall x17 |
| 20:50 | Banana Latte · first_market_buy 100 stone |
| 21:02 | Banana Latte · wall_segment Stone Wall x3 |
| 21:13 | Banana Latte · wall_segment Stone Wall x1 |
| 21:17 | Banana Latte · wall_segment Stone Wall x3 |
| 22:47 | Banana Latte · age_up castle |
| 22:56 | JAGR | Javi · first_building Archery Range |
| 23:58 | JAGR | Javi · first_market_sell 100 wood |
| 26:39 | JAGR | Javi · age_up castle |
| 26:50 | Banana Latte · first_building Castle |
| 26:55 | JAGR | Javi · first_building Castle |
| 28:33 | JAGR | Javi · first_building Stable |
| 29:20 | JAGR | Javi · resign |
[ ANÁLISIS IA · 1 CRÉDITO ]
¿Qué pasó realmente en esta partida?
Wolo.gg analiza cada decisión: build order, eco, micro, errores típicos por bracket. Análisis personalizado por WhatsApp o Discord en 30 segundos.
Guía civ
Bohemios
Perfil
Jugador #554857